cohdb
Replays
Latest Replays
All Replays
Popular Replays
Top Player Replays
Match Explorer
How It Works
Community
CoH3 Stats
Reddit
Sign in to upload your games and track your stats! →
Sign in with Steam
Match 39774599
Unlisted
Match 39774599
Overview
Messages
Build Orders
End
Royal Engineer Section
Construct Section Command Post
Dingo Light Scout Car
Infantry Section
Construct Field Infirmary
ML 3-inch Mortar Team
Grenade Package
Selects Canadian Shock Battlegroup
Selects Incendiary Munitions
Infantry Section
Selects Attacking Spirit
Selects Canadian Shock Section
Canadian Shock Section
ßoo
Tactical Nuclear Cow
Pipsey
Kenny
0
0
Comments
sign in to comment!
No comments posted yet!